 Dungeon Sprint DCSS version 0.30-a0-50-gb2d611f6b1 (webtiles) character file.

Game seed: 4099200692566004649

0 MrFrogsmire the Trooper (level 2, -3/20 HPs)
             Began as a Gargoyle Berserker on Sept 4, 2022.
             Was a Follower of Trog.
             Shot themself with a bolt of light (14 damage)
             ... in the Dungeon (Sprint VI: "Thunderdome").
             The game lasted 00:00:31 (33 turns).

MrFrogsmire the Trooper (Gargoyle Berserker)          Turns: 33, Time: 00:00:31

Health: -3/20      AC:  5    Str: 20    XL:     2   Next: 4%
Magic:  2/2        EV: 12    Int:  7    God:    Trog [*.....]
Gold:   200        SH:  0    Dex:  9    Spells: 1/1 levels left

rFire   . . .      SeeInvis .    a - +0 mace
rCold   . . .      Faith    .    (no shield)
rNeg    + . .      Spirit   .    b - +0 animal skin
rPois   ∞          Reflect  .    (no helmet)
rElec   +          Harm     .    (no cloak)
rCorr   .          Rampage  .    (no gloves)
Will    .....      NoTele   +    (no boots)
Stlth   +.........               (no amulet)
HPRegen 0.06/turn                (no ring)
MPRegen 0.08/turn                (no ring)

@: confused
A: sickness immunity, AC +2, negative energy resistance 1, electricity
resistance, torment resistance 1, petrification resistance
a: Renounce Religion, Berserk


You were in the Dungeon.
You worshipped Trog.
Trog was aware of your devotion.
You visited 1 branch You collected 200 gold pieces.

Inventory:

Hand Weapons
 a - a +0 mace (weapon)
Armour
 b - a +0 animal skin (worn)
Wands
 i - a wand of iceblast (5)
 j - a wand of light (1) (quivered)
Scrolls
 h - 4 scrolls of blinking
 k - 3 scrolls of fog
Potions
 c - a potion of curing
 d - 4 potions of heal wounds
 e - 4 potions of haste
 f - 2 potions of magic
 g - a potion of berserk rage
 l - a potion of resistance


   Skills:
 + Level 4.3 Fighting
 + Level 3.8 Maces & Flails
 + Level 2.5 Armour
 + Level 1.8 Dodging
 + Level 0.2 Evocations


You had one spell level left.
You didn't know any spells.
Your spell library was empty.

Dungeon Overview and Level Annotations

Branches:
Dungeon (1/1)

Altars:
Cheibriados
Dithmenos
Kikubaaqudgha
Makhleb
Qazlal
Ru
Sif Muna
Trog
Uskayaw
Vehumet
Wu Jian
Zin
The Shining One
Lugonu

Shops:
D *[???:(!!


Innate Abilities, Weirdness & Mutations

You are immune to sickness and miasma.
Your stone body is resilient. (AC +2)
You are immune to poison.
You resist negative energy. (rN+)
You are resistant to electric shocks. (rElec)
You are resistant to unholy torment.
You are immune to petrification.


Message History

Found a shimmering blue altar of Sif Muna.
Get ready!
Found Hukolexa's Distillery and Miukk's Do-It-Yourself Clinic.
Found three altars.
Found Jeavemmi's Staff Store.
ROUND 1!
FIGHT!
Found three shops.
Found a stormy altar of Qazlal and a glowing golden altar of the Shining One.
Found a burning altar of Makhleb.
There is a glowing golden altar of the Shining One here.
There is a stormy altar of Qazlal here.
A white imp comes into view.
There is a spawn point here.
Found Yceg's Jewellery.
Found an ornate altar of the Wu Jian Council and a shadowy altar of Dithmenos.
The white imp shouts, "Scamper away, thou pottle-deep onion-eyed coxcomb!"
The bolt of light misses the white imp.
The white imp gestures at you. The puff of frost hits you.
The bolt of light misses the white imp.
The bolt of light hits the white imp!
The white imp is heavily wounded.
The white imp is blinded.
The bolt of light hits the white imp!
You kill the white imp!
Trog accepts your kill.
Your Fighting skill increases to level 4!
You have reached level 2!
Found Qomimyffuf's Advanced Armour.
Found Ifuruo Kiah's Identification Station.
Found three altars.
A white imp comes into view.
The white imp shouts, "Out, out, thou pox-marked tickle-brained clack-dish!"
That beam is likely to hit you.
Continue anyway? [Y]es or [N]o only, please.
That beam is likely to hit you.
Continue anyway?
The bolt of light hits you!
You are confused.
Ouch! That really hurt!
You die...

#........_# #_......._#
#_........#
###.........###
#⌠...........⌠#
######.8.........8.##
##.___......###......_
###∩........8.# #.8.....
#......@......###.......
⌠..........###...###....
⌠5.........# #.<.# ....
§..........# #...# ....
#.............###.. ....
###∩........8. .8.....
##∩___......# ......_
######.8.... ...8.# #⌠..
....⌠#


You could see a white imp.

Vanquished Creatures
  A white imp (D)
1 creature vanquished.

Notes
Turn   | Place    | Note
-------+----------+-------------------------------------------
     0 | D        | MrFrogsmire the Gargoyle Berserker began the quest for the
                  | Orb.
     0 | D        | Reached XP level 1. HP: 14/14 MP: 1/1
     1 | D        | Found a bloodstained altar of Trog.
     2 | D        | Found a corrupted altar of Lugonu.
     2 | D        | Found a glowing silver altar of Zin.
     3 | D        | Found a shimmering blue altar of Sif Muna.
     4 | D        | Found Hukolexa's Distillery.
     4 | D        | Found a sacrificial altar of Ru.
     4 | D        | Found a hide-covered altar of Uskayaw.
     4 | D        | Found an ancient bone altar of Kikubaaqudgha.
     4 | D        | Found Miukk's Do-It-Yourself Clinic.
     5 | D        | Found Jeavemmi's Staff Store.
     5 | D        | Round 1.
     6 | D        | Found a stormy altar of Qazlal.
     6 | D        | Found a glowing golden altar of the Shining One.
     6 | D        | Found Uruuf's Magic Scroll Shop.
     6 | D        | Found Anisod's Must-Have Magic.
     6 | D        | Found Esenejacwu's Magic Scroll Shop.
    10 | D        | Found a burning altar of Makhleb.
    25 | D        | Found an ornate altar of the Wu Jian Council.
    25 | D        | Found a shadowy altar of Dithmenos.
    25 | D        | Found Yceg's Jewellery.
    30 | D        | Reached skill level 4 in Fighting
    30 | D        | Reached XP level 2. HP: 11/20 MP: 2/2
    30 | D        | Found Qomimyffuf's Advanced Armour.
    31 | D        | Found a snail-covered altar of Cheibriados.
    31 | D        | Found a radiant altar of Vehumet.
    31 | D        | Found Ifuruo Kiah's Identification Station.
    33 | D        | Shot themself with a bolt of light

Illustrated notes

Levels and vault maps discovered:
D:        arena_sprint

Skill      XL: |  1 |
---------------+----+-----
Fighting       | 4 |  4.3
Maces & Flails | |  3.8
Armour         | |  2.5
Dodging        | |  1.8
Evocations     | |  0.2

Action                   || total
-------------------------++-------
Evoke: Wand              ||     4

Table legend: (Time is in decaauts)
 A = Elapsed time spent in this place.
 B = Non-inter-level travel time spent in this place.
 C = Inter-level travel time spent in this place.
 D = Time resting spent in this place.
 E = Time spent auto-exploring this place.
 F = Levels seen in this place.
 G = Mean time per level.
                   A        B        C        D        E       F      G
               +--------+--------+--------+--------+--------+-----+--------+
         Total |     33 |      8 |     25 |      0 |      0 |   1 |   33.0 |
       Dungeon |     33 |      8 |     25 |      0 |      0 |   1 |   33.0 |
               +--------+--------+--------+--------+--------+-----+--------+

Top non-repeatable levels by time:
       D: 33 daAuts
